 Dungeon Crawl Stone Soup version 0.29.0-4-gdea44cf6ec (webtiles) character file.

Game seed: 17637542712675438177

46 qw the Chopper (level 3, 0/21 HPs)
             Began as a Tengu Warper on Aug 28, 2022.
             Succumbed to an adder's poison
             ... on level 2 of the Dungeon.
             The game lasted 00:00:09 (1458 turns).

qw the Chopper (Tengu Warper)                       Turns: 1458, Time: 00:00:09

Health: 0/21       AC:  6    Str: 13    XL:     3   Next: 68%
Magic:  7/7        EV: 11    Int: 13    God:
Gold:   25         SH:  0    Dex: 13    Spells: 6/6 levels left

rFire   . . .      SeeInvis .   Y - +0 hand axe
rCold   . . .      Faith    .   (no shield)
rNeg    . . .      Spirit   .   f - +0 ring mail
rPois   .          Reflect  .   (helmet restricted)
rElec   .          Harm     .   (no cloak)
rCorr   .          Rampage  .   i - +0 pair of gloves
Will    .....                   (boots unavailable)
Stlth   +.........              (no amulet)
HPRegen 0.07/turn               (no ring)
MPRegen 0.10/turn               (no ring)

@: lethally poisoned (0 -> -1)
A: beak, talons 3
a: no special abilities


You were on level 2 of the Dungeon.
You visited 1 branch of the dungeon, and saw 2 of its levels.

You collected 25 gold pieces.


Innate Abilities, Weirdness & Mutations

You have a beak for a mouth.
You have claws for feet.


   Skills:
 - Level 2.0 Fighting
 + Level 4.3 Axes
 - Level 1.0 Throwing
 - Level 1.1 Armour
 - Level 2.1 Dodging
 - Level 2.0 Spellcasting
 - Level 2.4 Translocations


You had 6 spell levels left.
You didn't know any spells.
Your spell library contained the following spells:

 Spells                   Type           Power      Damage    Failure   Level
 Blink                    Tloc           14%        N/A       30%         2
 Gell's Gravitas          Tloc           7%         N/A       52%         3
 Lesser Beckoning         Tloc           7%         N/A       52%         3
 Teleport Other           Tloc           7%         N/A       52%         3
 Manifold Assault         Tloc           7%         N/A       99%         5

Inventory:

Hand Weapons
 g - a +0 whip
 Y - a +0 hand axe (weapon)
Missiles
 b - 3 javelins (quivered)
Armour
 d - a +0 chain mail
 f - a +0 ring mail (worn)
 i - a +0 pair of gloves (worn)
Scrolls
 a - a scroll of poison {unknown}
Potions
 c - a potion of brilliance {unknown}

Dungeon Overview and Level Annotations

Branches:
Dungeon (2/15)

Altars:


Message History

You throw a javelin. The javelin closely misses the adder.
Throw: 4 javelins
Press: ? - help, Q - select action Shift-Dir - straight line, f/p - adder You throw a javelin.
The javelin misses the adder.
You slash the adder! Your kick misses the adder.
The adder is severely wounded.
The adder bites you but does no damage. The adder bites you.
You hit the adder.
The adder is almost dead.
The adder bites you.
You barely miss the adder.
The adder is almost dead.
The adder bites you.
You are poisoned.
The adder poisons you! The adder bites you but does no damage.
You closely miss the adder. Your kick misses the adder.
Your peck misses the adder.
The adder is almost dead.
You feel sick. The adder bites you.
You are lethally poisoned!
The adder poisons you!
You hit the adder.
You kill the adder!
You feel very sick.
There is a lethal amount of poison in your body!
You feel sick.
There is a lethal amount of poison in your body!
You feel sick.
There is a lethal amount of poison in your body!
You feel sick.
There is a lethal amount of poison in your body!
You feel sick.
There is a lethal amount of poison in your body!
You feel sick.
There is a lethal amount of poison in your body!
You feel sick.
There is a lethal amount of poison in your body!
You feel sick.
There is a lethal amount of poison in your body!
You die...

##.###...........#
#.## ##.#.....##.#
##.###........##.#
##.#.##......##.#
##.###......##.#
#.# #########.#
#.# #)# # #.#
#.#.##### #.#
#@......( #.#
######### #.#
####.#######
............
##.##...##.#
#....#.....
#..#.<.##.#
#..##.###.#


There were no monsters in sight!

Vanquished Creatures
  An adder (D:2)
  A dart slug (D:1)
  A bat zombie (D:2)
  4 endoplasms
  4 giant cockroaches
  3 goblins
  3 quokkas
  3 ball pythons
  4 bats (D:1)
  2 frilled lizards (D:1)
  3 kobolds (D:1)
  6 rats
35 creatures vanquished.

Vanquished Creatures (others)
  A withered plant (D:2)
1 creature vanquished.

Grand Total: 36 creatures vanquished

Notes
Turn   | Place    | Note
-------+----------+-------------------------------------------
     0 | D:1      | qw the Tengu Warper began the quest for the Orb.
     0 | D:1      | Reached XP level 1. HP: 12/12 MP: 4/4
     0 | D:1      | 0 ||| qw: Version: 0.1-a-89-g26bdef1
     0 | D:1      | 0 ||| qw: Game counter: 674
     0 | D:1      | 0 ||| qw: Always use a shield: true
     0 | D:1      | 0 ||| qw: God list: Okawaru
     0 | D:1      | 0 ||| qw: Allow faded altars: false
     0 | D:1      | 0 ||| qw: Do Orc after D:15 true
     0 | D:1      | 0 ||| qw: Do second Lair branch before Depths: true
     0 | D:1      | 0 ||| qw: Lair rune preference: random
     0 | D:1      | 0 ||| qw: Plans: Normal
     0 | D:1      | 0 ||| PLANNING D:1-11
   100 | D:1      | 100 ||| Stepping ~*~*~tactically~*~*~ (stealth).
   101 | D:1      | 101 ||| Stepping ~*~*~tactically~*~*~ (stealth).
   159 | D:1      | 159 ||| Stepping ~*~*~tactically~*~*~ (stealth).
   168 | D:1      | Reached skill level 3 in Axes
   168 | D:1      | Reached XP level 2. HP: 16/17 MP: 6/6
   201 | D:1      | 201 ||| Stepping ~*~*~tactically~*~*~ (stealth).
   823 | D:1      | Reached XP level 3. HP: 20/21 MP: 7/7
  1167 | D:1      | Found a faded altar of an unknown god.
  1187 | D:1      | 1187 ||| UPGRADING to +0 ring mail.
  1197 | D:1      | 1197 ||| DROPPING +0 leather armour.
  1198 | D:1      | 1198 ||| UPGRADING to +0 pair of gloves.
  1203 | D:1      | 1203 ||| READING scroll labelled WEECAO QAZXEIN.
  1208 | D:1      | 1208 ||| READING scroll labelled ICIELE PAREU.
  1209 | D:1      | 1209 ||| READING scroll labelled ZIXZACSYAN.
  1210 | D:1      | 1210 ||| DROPPING scroll of blinking.
  1283 | D:2      | Reached skill level 4 in Axes
  1283 | D:2      | 1283 ||| Stepping ~*~*~tactically~*~*~ (stealth).
  1284 | D:2      | 1284 ||| Stepping ~*~*~tactically~*~*~ (stealth).
  1286 | D:2      | 1286 ||| Stepping ~*~*~tactically~*~*~ (hiding).
  1296 | D:2      | 1296 ||| Stepping ~*~*~tactically~*~*~ (stealth).
  1297 | D:2      | 1297 ||| Stepping ~*~*~tactically~*~*~ (stealth).
  1314 | D:2      | 1314 ||| Stepping ~*~*~tactically~*~*~ (stealth).
  1316 | D:2      | 1316 ||| Stepping ~*~*~tactically~*~*~ (stealth).
  1317 | D:2      | 1317 ||| Stepping ~*~*~tactically~*~*~ (stealth).
  1341 | D:2      | 1341 ||| Stepping ~*~*~tactically~*~*~ (stealth).
  1453 | D:2      | HP: 5/21 [poisoned by an adder]
  1456 | D:2      | HP: 2/21 [poisoned by an adder]
  1458 | D:2      | Succumbed to an adder's poison

Levels and vault maps discovered:
D:1:      psy_arrival_whirlpool, layout_basic,
          hellmonk_ecumenical_altar_defaced_shrine
D:2:      layout_loops_ring, serial_undead, serial_undead_f, serial_undead_b,
          serial_undead_a, serial_undead_c

Skill      XL: |  1  2  3 |
---------------+----------+-----
Axes           | 3 4 |  4.3
Fighting       | |  2.0
Throwing       | |  1.0
Armour         | |  1.1
Dodging        | |  2.1
Spellcasting   | |  2.0
Translocations | |  2.4

Action                   || total
-------------------------++-------
Melee: Hand axe          ||    60
       Kick              ||    18
       Peck              ||     9
Throw: Boomerang         ||     7
       Javelin           ||     8
  Use: Scroll            ||     3
Armor: Leather armour    ||    10
       Ring mail         ||     8
Dodge: Dodged            ||    27

Table legend:
 A = Non-vault XP
 B = Vault XP
 C = Vault XP percentage of total XP
 D = Non-vault monster count
 E = Vault monster count
 F = Vault count percentage of total count
                 A         B        C        D         E       F
            +---------+---------+-------+---------+---------+-------
      Total |      59 |       8 |  11.9 |      32 |       3 |   8.6
            +---------+---------+-------+---------+---------+-------
        D:1 |      34 |       6 |  15.0 |      24 |       2 |   7.7
        D:2 |      25 |       2 |   7.4 |       8 |       1 |  11.1
            +---------+---------+-------+---------+---------+-------
